 Dungeon Crawl Stone Soup version 0.29.1-1-gd02db6906a (webtiles) character file.

Game seed: 11192029851755327850

372 safid the Skirmisher (level 6, -2/51 HPs)
             Began as a Minotaur Hunter on Oct 14, 2022.
             Slain by a gnoll
             ... wielding a +0 flail
             ... led by a gnoll bouda
              (12 damage)
             ... on level 4 of the Dungeon.
             The game lasted 00:03:55 (3445 turns).

safid the Skirmisher (Minotaur Hunter)              Turns: 3445, Time: 00:03:58

Health: -2/51      AC:  5    Str: 16    XL:     6   Next: 43%
Magic:  5/5        EV: 12    Int:  6    God:
Gold:   286        SH:  0    Dex: 15    Spells: 5/5 levels left

rFire   . . .      SeeInvis .   a - +0 shortbow
rCold   . . .      Faith    .   (shield currently unavailable)
rNeg    . . .      Spirit   .   c - +0 leather armour
rPois   .          Reflect  .   (helmet restricted)
rElec   .          Harm     .   (no cloak)
rCorr   .          Rampage  .   k - +0 pair of gloves
Will    .....                   e - +0 pair of boots
Stlth   +.........              (no amulet)
HPRegen 0.17/turn               (no ring)
MPRegen 0.09/turn               (no ring)

@: weakened
A: horns 2, retaliatory headbutt
a: no special abilities


You were on level 4 of the Dungeon.
You visited 1 branch of the dungeon, and saw 4 of its levels.

You collected 286 gold pieces.

Inventory:

Hand Weapons
 a - a +0 shortbow (weapon)
Missiles
 q - 2 javelins
Armour
 c - a +0 leather armour (worn)
 e - a +0 pair of boots (worn)
 k - a +0 pair of gloves (worn)
Jewellery
 o - an amulet of the acrobat
 t - an amulet of guardian spirit
Scrolls
 b - 4 scrolls of immolation
 d - 2 scrolls of vulnerability {unknown}
 f - a scroll of blinking {unknown}
 i - 4 scrolls of identify {unknown}
 j - 2 scrolls of enchant armour {unknown}
 m - a scroll of butterflies {unknown}
 n - a scroll of torment {unknown}
 p - 3 scrolls of teleportation {unknown}
 s - 2 scrolls of amnesia {unknown}
 u - a scroll of noise {unknown}
 w - 2 scrolls of magic mapping {unknown}
Potions
 g - a potion of might {unknown}
 h - a potion of degeneration {unknown}
 l - a potion of lignification {unknown}
 r - 2 potions of magic {unknown}
 v - 2 potions of curing {unknown}
 x - a potion of heal wounds {unknown}


   Skills:
 - Level 3.0 Fighting
 + Level 8.4 Ranged Weapons
 - Level 2.1 Dodging
 - Level 0.7 Stealth


You had 5 spell levels left.
You didn't know any spells.
Your spell library contained the following spells:

 Spells                   Type           Power      Damage    Failure   Level
 Beastly Appendage        Tmut           0%         N/A       52%         1
 Magic Dart               Conj           0%         1d3       52%         1
 Searing Ray              Conj           0%         2d4       67%         2
 Fulminant Prism          Conj/Hex       0%         3d6       99%         4


Dungeon Overview and Level Annotations

Branches:
Dungeon (4/15)
 Temple: D:4-7

Altars:
Cheibriados
Elyvilon
Qazlal
The Shining One

Shops:
D:1 [   D:2 (

Annotations:
D:3 2 transporters, nshep25's ghost, weakling DsCj


Innate Abilities, Weirdness & Mutations

You have a pair of horns on your head.
You reflexively headbutt those who attack you in melee.


Message History

You shoot an arrow. The arrow hits the gnoll bouda!
The gnoll bouda is heavily wounded.
The gnoll hits you from afar with a +0 spear.
The gnoll barely misses you. You furiously retaliate!
You headbutt the gnoll, but do no damage.
The gnoll bouda calls upon its god to heal the gnoll.
The gnoll's wounds heal themselves!
You shoot an arrow. The arrow hits the gnoll bouda.
The gnoll bouda is almost dead.
The gnoll hits you from afar with a +0 spear. x2
The gnoll hits you but does no damage. The gnoll hits you with a +0 club.
The gnoll bouda gazes fiercely through you!
You feel as though you will be weak longer.
The gnoll bouda hits you with a +0 club!
You shoot an arrow.
The arrow hits the gnoll bouda but does no damage.
The gnoll bouda is almost dead.
The gnoll hits you from afar with a +0 spear.
The gnoll misses you. The gnoll closely misses you. You furiously retaliate!
You headbutt the gnoll. The gnoll hits you with a +0 club.
The gnoll bouda hits you with a +0 club!
You are too injured to fight recklessly!
You are too injured to fight recklessly!
You are too injured to fight recklessly!
You are too injured to fight recklessly!
You are too injured to fight recklessly!
The gnoll bouda attacks as you move away!
The gnoll bouda hits you with a +0 club.
* * * LOW HITPOINT WARNING * * *
The gnoll attacks as you move away! The gnoll completely misses you.
The gnoll barely misses you.
Found 13 gold pieces.
The gnoll attacks as you move away! The gnoll hits you with a +0 club.
* * * LOW HITPOINT WARNING * * *
A kobold comes into view. It is wielding a +0 short sword.
The kobold shouts!
The gnoll hits you but does no damage.
The gnoll bouda mumbles some strange prayers to its god.
The gnoll bouda is healed somewhat.
The gnoll hits you with a +0 flail!
You die...

.###. ....... .####... .. ....
#...... ...(.....$.... K...
<...... ..#.#.#.#.#.#. >... .#
#..#... #............. ...
..##.###.. #...⌠.....⌠...###.#
...... #.. ......._.......##.##
......##.. ....⌠.....⌠......>.#
..<##...... <...............@..#
..###[.... ..#.#.#.#.#.#...gg##
#..###....# ................g..#
##.#.##...##
.....##....###.g...###..........#
.....# ... #g..........#.##..##
....... .............###.....#
.....#.. ...............##...##
....#... #..............).....#
....... ..................#..#


You could see a gnoll bouda, 4 gnolls and a kobold.

Vanquished Creatures
  2 phantoms (D:4)
  A scorpion (D:4)
  An iguana (D:4)
  4 adders
  A worm (D:2)
  2 dart slugs
  6 orcs
  3 bats
  5 endoplasms
  4 giant cockroaches
  8 goblins
  8 hobgoblins
  9 jackals
  9 kobolds
  8 quokkas
  5 ball pythons
  3 frilled lizards
  4 rats
83 creatures vanquished.

Notes
Turn   | Place    | Note
-------+----------+-------------------------------------------
     0 | D:1      | safid the Minotaur Hunter began the quest for the Orb.
     0 | D:1      | Reached XP level 1. HP: 18/18 MP: 0/0
   276 | D:1      | Reached XP level 2. HP: 26/26 MP: 1/1
   301 | D:1      | Found Iqutipte's Armour Boutique.
   504 | D:1      | Reached skill level 5 in Ranged Weapons
   621 | D:1      | Reached XP level 3. HP: 31/31 MP: 2/2
   783 | D:1      | Found a faded altar of an unknown god.
   792 | D:1      | Got Plato's Cyclopedia of Evolution
  1060 | D:2      | Found Bimexte's Antique Weapon Emporium.
  1133 | D:2      | Reached XP level 4. HP: 32/38 MP: 3/3
  1136 | D:2      | Reached skill level 6 in Ranged Weapons
  1922 | D:3      | Noticed nshep25's ghost (weakling DsCj)
  1923 | D:3      | Found a transporter.
  1930 | D:3      | Found a transporter.
  2146 | D:3      | Found a stormy altar of Qazlal.
  2146 | D:3      | Found a glowing golden altar of the Shining One.
  2147 | D:3      | Found a snail-covered altar of Cheibriados.
  2689 | D:4      | Found a white marble altar of Elyvilon.
  2706 | D:4      | Reached XP level 5. HP: 30/45 MP: 4/4
  2820 | D:4      | Noticed a phantom
  2838 | D:4      | Killed a phantom
  2839 | D:4      | Reached skill level 7 in Ranged Weapons
  3078 | D:4      | Reached XP level 6. HP: 39/51 MP: 5/5
  3276 | D:4      | Reached skill level 8 in Ranged Weapons
  3445 | D:4      | Slain by a gnoll

Illustrated notes

Levels and vault maps discovered:
D:1:      enne_arrival_octagon_isle, layout_loops_corners, serial_shops, shop,
          shapermc_ecumenical_altar_rom_forum
D:2:      layout_rooms, serial_shops, shop_statue, chequers_serial_rivers_room_b
D:3:      layout_basic, gammafunk_temple_overflow_claw, gammafunk_ghost_arena,
          minivault_19, minmay_increasing_density
D:4:      layout_cave_pools, elyvilon_altar_5

Skill      XL: |  1  2  3  4  5  6 |
---------------+-------------------+-----
Fighting       | 3 |  3.0
Ranged Weapons | 5 6 7 8 |  8.4
Dodging        | |  2.1
Stealth        | |  0.7

Action                   |  1- 3 |  4- 6 || total
-------------------------+-------+-------++-------
 Fire: Shortbow          |   102 |   135 ||   237
Armor: Leather armour    |    16 |    17 ||    33
Dodge: Dodged            |    28 |    45 ||    73
